AoeStats
← [CL] Al3jandr0.magn00

Four Lakes

503531279Analyzed
4v4 RM · 1mo ago on Sep 1, 2026· 24m 20s· 8 players
Game mode
Random Map
Map size
Large (8 player)
Population
200
Speed
Normal
Resources
Standard
Victory
Conquest
Starting age
Dark Age
Ending age
Imperial Age
RankedLock teamsTeams togetherTeam positionsShared explorationLock speedFull tech treeHidden civsTurbo modeCheats
Victory
Defeat
🇦🇷 Saracens · Argentina
1719
+5
🇦🇷 Bohemians · Argentina
1593
+8
🇦🇷 Franks · Argentina
1473
+13
🇦🇷 Dravidians · Argentina
1437
+15
🇨🇳 Hindustanis · China
1469
-12
🇵🇪 Portuguese · Peru
1456
-12
🇨🇱 Magyars · Chile
1372
-8
🇨🇱 Maya · Chile
1358
-8
Yisaac
9:41 Feudal Age
10:31 Loom
12:32 Town Watch
12:50 Fletching
13:23 Padded Archer Armor
21:05 Castle Age
21:16 Double-Bit Axe
22:10 Crossbowman
22:50 Bodkin Arrow
Titan
0:39 Loom
10:46 Feudal Age
15:05 Castle Age
15:01 Fletching
16:48 Fishing Lines
20:40 Bodkin Arrow
22:04 Padded Archer Armor
blackgraw
5:26 Loom
9:30 Feudal Age
11:47 Double-Bit Axe
12:22 Horse Collar
19:20 Scale Barding Armor
23:53 Castle Age
22:23 Gold Mining
啙窳大大
11:27 Feudal Age
10:31 Loom
12:04 Fishing Lines
12:16 Double-Bit Axe
17:32 Castle Age
15:54 Forging
19:22 Gold Mining
19:39 Husbandry
20:40 Gillnets
21:11 Bloodlines
21:09 Scale Barding Armor
22:14 Light Cavalry
_38_VirusBox_Arg
7:01 Loom
9:48 Feudal Age
10:26 Double-Bit Axe
13:17 Fletching
17:22 Town Watch
20:28 Castle Age
20:12 Fishing Lines
20:49 Crossbowman
21:24 Bodkin Arrow
21:41 Bow Saw
21:49 Gillnets
23:07 Wheelbarrow
23:46 Fervor
__87_KeepeR_Arg
7:24 Loom
9:45 Feudal Age
12:25 Fishing Lines
12:31 Double-Bit Axe
14:13 Scale Barding Armor
15:31 Forging
19:59 Castle Age
18:23 Gold Mining
20:46 Husbandry
20:18 Light Cavalry
21:19 Chain Barding Armor
21:37 Wheelbarrow
21:19 Bow Saw
22:13 Iron Casting
22:57 Town Watch
[CL] Al3jandr0.magn00
6:42 Loom
9:20 Feudal Age
10:31 Double-Bit Axe
13:53 Fletching
14:42 Town Watch
22:39 Castle Age
23:26 Bodkin Arrow
22:51 Crossbowman
24:09 Bow Saw
25:17 Ballistics
_29_3ffect_Arg
8:09 Loom
10:28 Feudal Age
10:58 Double-Bit Axe
12:27 Fishing Lines
14:55 Scale Barding Armor
15:23 Forging
20:25 Castle Age
19:13 Gold Mining
21:10 Husbandry
20:33 Light Cavalry
21:35 Chain Barding Armor
21:54 Wheelbarrow
Connection lost

Rejoining the realm…

Still unreachable

The connection could not be restored.

Session expired

The server has moved on; the page needs a fresh start.